 Dungeon Sprint DCSS version 0.13-a0-2640-geebf78d (webtiles) character file.

1251 Kae the Destroyer (level 8, -7/39 (41) HPs)
             Began as a Tengu Fire Elementalist on Aug 6, 2013.
             Mangled by a baby alligator (16 damage)
             ... in the Dungeon (Sprint II: "The Violet Keep of Menkaure").
             The game lasted 00:03:41 (855 turns).

Kae the Destroyer (Tengu Fire Elementalist)          Turns: 855, Time: 00:03:41

HP  -7/39 (41)   AC  2     Str 10      XL: 8   Next: 11%
MP  20/24        EV 15     Int 17      God:
Gold 319         SH  0     Dex 14      Spells:  5 memorised,  8 levels left

Res.Fire  : . . .   See Invis. : .   (no weapon)
Res.Cold  : . . .   Warding    : .   a - +0 robe (curse)
Life Prot.: . . .   Conserve   : .   (no shield)
Res.Poison: .       Res.Corr.  : .   (helmet restricted)
Res.Elec. : .       Clarity    : .   (no cloak)
Sust.Abil.: . .     Spirit.Shd : .   (no gloves)
Res.Mut.  : .       Prev.Telep.: +   (boots unavailable)
Res.Rott. : .       Flight     : +   (no amulet)
Saprovore : . . .                    (no ring)
                                     (no ring)

@: flying, quick, slightly resistant to hostile enchantments, fairly stealthy
A: able to fly, beak, talons 3
a: no special abilities


You were in the Dungeon.
You were not hungry.

You visited 1 branch You collected 729 gold pieces.
You spent 430 gold pieces at shops.

Inventory:

Armour
 a - a cursed +0 robe (worn)
 d - a +2 robe of fire resistance
Magical devices
 j - a wand of digging (12)
Comestibles
 c - a bread ration
Scrolls
 i - a scroll of blinking
Potions
 e - a potion of heal wounds
 f - a potion of speed
 g - a potion of magic
 h - a potion of berserk rage
Books
 b - a book of Flames

   Spells                             Type                      Level
   *Flame Tongue                      Conjuration/Fire             1
   *Throw Flame                       Conjuration/Fire             2
   *Conjure Flame                     Conjuration/Fire             3
   Inner Flame                        Hexes/Fire                   3
   *Sticky Flame                      Conjuration/Fire             4
   *Fireball                          Conjuration/Fire             5


   Skills:
 - Level 2.1 Dodging
 - Level 2.0 Stealth
 + Level 8.0 Spellcasting
 * Level 15.0 Conjurations
 + Level 10.0 Fire Magic


You had 8 spell levels left.
You knew the following spells:

 Your Spells              Type           Power        Failure   Level  Hunger
a - Flame Tongue          Conj/Fire      #####        1%          1    None
b - Throw Flame           Conj/Fire      #####.       1%          2    None
c - Conjure Flame         Conj/Fire      #####...     1%          3    ##.....
d - Sticky Flame          Conj/Fire      #####...     1%          4    ###....
e - Fireball              Conj/Fire      #####.....   1%          5    #####..


Dungeon Overview and Level Annotations

Branches:
Dungeon (1/1)

Altars:

Shops:
D: +(=%?=!([[!!//+=

Annotations
D exclusion: oklob plant


Innate Abilities, Weirdness & Mutations

You can fly.
You have a beak for a mouth.
You have claws for feet.


Message History

The baby alligator bites you but does no damage.
There is an open door here.
You see here a rotting necrophage corpse.
The baby alligator barely misses you.
There is an open door here.
You see here a rotting necrophage corpse.
There is a staircase leading out of the dungeon here.
The baby alligator bites you!
* * * LOW HITPOINT WARNING * * *
There is an open door here.
Casting: Flame Tongue
Confirm with . or Enter, or press ? or * to list all spells.
Aiming: Sticky Flame
Press: ? - help, Shift-Dir - straight line, f - baby alligator
Aim: a baby alligator The sticky flame hits the baby alligator.
The baby alligator is lightly wounded.
The baby alligator is covered in liquid flames!
The baby alligator burns!
The baby alligator bites you!
You die...

≈## ############≈≈#++
###########≈≈≈....
##.....∩.∩#≈≈≈≈.##+#
##....∩.∩.#≈≈≈≈###.### ###
##...∩.∩..#≈≈≈≈#..#..# ..#
##..∩.∩...#≈≈####.#.####..##
##.⌠.∩....#≈##.###'###.##..#
##..∩.∩...#≈#.@t##<##...#..#
##...∩.∩..+≈'.#.'.<.%##.'..###
##....∩.∩.#≈#...##<##...#....##
###########≈##.###+###.##§§....
##HJJ######≈≈### .#$ ###≈≈.....
#)HJ#J ##≈≈≈#.B B.#≈≈≈≈§§§..
#∩PH+. #'#≈##. .##≈≈≈≈≈≈§≈.
#$.. $ #)#≈≈##+##≈≈≈≈≈§≈§≈≈
#?.$ ## ####≈≈≈≈≈≈≈≈≈≈≈≈≈≈≈≈


You could see a baby alligator (burning).

Vanquished Creatures
  A mermaid (D)
  A vampire mosquito (D)
  Menkaure (D)
  4 necrophages (D)
  4 giant centipedes (D)
11 creatures vanquished.

Notes
Turn   | Place    | Note
--------------------------------------------------------------
     0 | D        | Kae, the Tengu Fire Elementalist, began the quest for the Orb.
     0 | D        | Reached XP level 1. HP: 10/10 MP: 3/3
     8 | D        | Reached skill level 4 in Fire Magic
     8 | D        | Reached XP level 2. HP: 10/15 MP: 0/6
   111 | D        | Learned a level 2 spell: Throw Flame
   123 | D        | Reached skill level 5 in Conjurations
   123 | D        | Reached XP level 3. HP: 16/19 MP: 3/7
   304 | D        | Learned a level 3 spell: Conjure Flame
   304 | D        | Noticed a mermaid
   311 | D        | Killed a mermaid
   311 | D        | Reached skill level 5 in Spellcasting
   311 | D        | Reached skill level 11 in Conjurations
   311 | D        | Reached XP level 4. HP: 22/24 MP: 0/12
   311 | D        | Reached XP level 5. HP: 25/28 MP: 0/16
   311 | D        | Reached XP level 6. HP: 28/32 MP: 0/18
   424 | D        | Noticed a necrophage
   424 | D        | Noticed a necrophage
   424 | D        | Noticed a necrophage
   424 | D        | Noticed a necrophage
   427 | D        | Noticed a boulder beetle
   427 | D        | Noticed a boulder beetle
   435 | D        | Killed a necrophage
   435 | D        | Reached skill level 12 in Conjurations
   441 | D        | Killed a necrophage
   441 | D        | Reached skill level 13 in Conjurations
   441 | D        | Reached XP level 7. HP: 36/36 MP: 7/20
   453 | D        | Killed a necrophage
   459 | D        | Killed a necrophage
   459 | D        | Reached skill level 14 in Conjurations
   548 | D        | Found Stoarr's Distillery.
   548 | D        | Found Qabesyev's Antique Weapon Shoppe.
   548 | D        | Found Ghickeasm's Antique Armour Emporium.
   548 | D        | Found Ciysm's Antique Armour Shoppe.
   548 | D        | Found Yquzxy's Book Emporium.
   549 | D        | Found Kliuvac's Distillery.
   549 | D        | Found Warghima's Jewellery Shoppe.
   549 | D        | Found Waenuin's Distillery.
   549 | D        | Found Gyomoakh's Magical Wand Shoppe.
   549 | D        | Found Staoteur's Food Emporium.
   549 | D        | Found Fruab's Magic Scroll Shoppe.
   549 | D        | Found Qiaxt's Jewellery Shoppe.
   550 | D        | Found Teunune's Antique Weapon Emporium.
   550 | D        | Noticed a giant amoeba
   551 | D        | Found Sicel's Jewellery Emporium.
   551 | D        | Found Tupnoyvo's Magical Wand Shoppe.
   551 | D        | Noticed a giant amoeba
   552 | D        | Noticed Menkaure
   552 | D        | Noticed a giant amoeba
   553 | D        | Noticed an oklob plant
   568 | D        | Killed Menkaure
   612 | D        | Noticed a pulsating lump
   614 | D        | Found Rila's Book Shoppe.
   614 | D        | Noticed a pulsating lump
   614 | D        | Noticed a griffon
   617 | D        | Noticed a griffon
   618 | D        | Noticed a griffon
   620 | D        | Bought an embroidered robe for 14 gold pieces
   624 | D        | Bought a wand of digging (12) for 416 gold pieces
   634 | D        | Noticed a vampire mosquito
   639 | D        | Killed a vampire mosquito
   639 | D        | Reached skill level 15 in Conjurations
   639 | D        | Reached skill level 10 in Fire Magic
   639 | D        | Reached XP level 8. HP: 20/39 MP: 18/24
   788 | D        | Learned a level 4 spell: Sticky Flame
   794 | D        | Learned a level 5 spell: Fireball
   799 | D        | Noticed a silver statue
   809 | D        | Noticed a baby alligator
   814 | D        | Noticed a crocodile
   855 | D        | Mangled by a baby alligator

Action                   |  1- 3 |  4- 6 |  7- 9 || total
-------------------------+-------+-------+-------++-------
Melee: Unarmed           |     6 |       |       ||     6
 Cast: Flame Tongue      |    12 |     9 |    27 ||    48
       Conjure Flame     |     1 |     1 |     1 ||     3
       Sticky Flame      |       |       |     1 ||     1
 Abil: Fly               |       |       |     1 ||     1
  Use: Potion            |     1 |       |     1 ||     2
